 Dungeon Crawl Stone Soup version 0.31-a0-240-gb923e448b6 (webtiles) character file.

Game seed: 1799195199491023785

13160 Morbidden the Grappler (level 11, -9/100 HPs)
             Began as a Red Draconian Shapeshifter on July 12, 2023.
             Was an Elder of Cheibriados.
             Mangled by a sun demon (23 damage)
             ... summoned by a kobold demonologist
             ... on level 10 of the Dungeon.
             The game lasted 00:16:06 (9665 turns).

Morbidden the Grappler (Red Draconian Shapeshifter) Turns: 9665, Time: 00:16:06

Health: -9/100     AC:  5    Str: 32    XL:     11   Next: 71%
Magic:  18/18      EV: 12    Int: 24    God:    Cheibriados [****..]
Gold:   514        SH:  0    Dex: 21    Spells: 17/20 levels left

rFire   . .          .
                       - Unarmed
rCold   . . .        (shield currently unavailable)
rNeg    . . .        (body armour unavailable)
rPois   .            (helmet currently unavailable)
rElec   .            (cloak currently unavailable)
rCorr   .            (gloves currently unavailable)
SInv    +            (boots currently unavailable)
Will    .....        (no amulet)
Stlth   +++          n - ring of see invisible
HPRegen 0.36/turn    K - ring of wizardry
MPRegen 0.16/turn

%: wizardry (x1)
@: snake-form, corroded, very slow
A: constrict, amphibious, (breathe fire), AC +7, large, unfitting armour, (fire
resistance 1), (cold-blooded)
a: Renounce Religion, Bend Time, Temporal Distortion, Slouch


You were on level 10 of the Dungeon.
You worshipped Cheibriados.
Cheibriados was greatly pleased with you.
You were an enormous anaconda.
You visited 2 branches of the dungeon, and saw 11 of its levels.

You collected 514 gold pieces.

Inventory:

Missiles
 i - 102 stones (quivered)
 w - 26 poisoned darts
 y - 5 throwing nets
 G - 6 silver javelins
 I - 6 javelins
 P - a curare-tipped dart
Armour
 t - a +1 pair of gloves
Magical Staves
 b - a staff of earth
Jewellery
 n - a ring of see invisible (left hand)
 A - a ring of ice
 K - a ring of wizardry (right hand)
Talismans
 p - a beast talisman
 x - a dragon-blood talisman
 L - a serpent talisman
Wands
 v - a wand of roots (5)
 C - a wand of charming (13)
Scrolls
 c - a scroll of poison {unknown}
 e - 6 scrolls of identify
 f - 2 scrolls of blinking
 g - 2 scrolls of vulnerability
 j - 2 scrolls of fog {unknown}
 o - 2 scrolls of noise
 s - a scroll of revelation {unknown}
 z - a scroll of summoning {unknown}
 B - a scroll of enchant armour
 F - a scroll of teleportation
 H - a scroll of fear {unknown}
 O - a scroll of torment {unknown}
Potions
 a - 2 potions of lignification
 d - a potion of invisibility {unknown}
 h - 2 potions of heal wounds {unknown}
 k - 2 potions of attraction {unknown}
 l - 6 potions of curing {unknown}
 m - a potion of resistance
 q - 3 potions of might {unknown}
 r - a potion of mutation {unknown}
 u - 2 potions of enlightenment {unknown}
 D - 3 potions of degeneration {unknown}
 E - 2 potions of cancellation {unknown}
 J - a potion of brilliance {unknown}
 N - a potion of ambrosia {unknown}
Miscellaneous
 M - a condenser vane


   Skills:
 * Level 7.0 Fighting
 + Level 0.1 Throwing
 + Level 3.6 Dodging
 + Level 3.7 Stealth
 * Level 11.0 Unarmed Combat
 * Level 5.2 Spellcasting
 * Level 5.6 Conjurations
 * Level 5.4 Earth Magic
 * Level 5.2 Invocations
 * Level 1.5 Evocations
 * Level 8.1 Shapeshifting


You had 17 spell levels left.
You knew the following spells:

 Your Spells              Type           Power      Damage    Failure   Level
a - Stone Arrow           Conj/Erth      66%        3d11      21%         3

Your spell library contained the following spells:

 Spells                   Type           Power      Damage    Failure   Level
 Sandblast                Erth           64%        2d14      13%         1
 Momentum Strike          Conj/Tloc      38%        3d9       24%         2
 Passwall                 Tmut/Erth      15%        N/A       24%         2
 Slow                     Hex            24%        N/A       32%         1
 Sting                    Tmut/Pois      24%        1d4       32%         1
 Hailstorm                Conj/Ice       19%        3d6       32%         3
 Blink                    Tloc           12%        N/A       38%         2
 Lesser Beckoning         Tloc           12%        N/A       38%         2
 Poisonous Vapours        Pois/Air       12%        N/A       38%         2
 Iskenderun's Battlesphe  Conj           33%        2d9       50%         5
 Call Canine Familiar     Summ           6%         N/A       52%         3
 Confusing Touch          Hex            6%         N/A       52%         3
 Inner Flame              Hex/Fire       6%         N/A       52%         3
 Portal Projectile        Hex/Tloc       12%        N/A       52%         3
 Tukima's Dance           Hex            6%         N/A       52%         3
 Vampiric Draining        Necr           6%         2d6       52%         3
 Flame Wave               Conj/Fire      19%        2d7       52%         4
 Sticky Flame             Conj/Fire      19%        2d4       52%         4
 Leda's Liquefaction      Hex/Erth       9%         N/A       54%         4
 Olgreb's Toxic Radiance  Pois           6%         N/A       80%         4
 Passage of Golubria      Tloc           6%         N/A       80%         4
 Summon Ice Beast         Ice/Summ       6%         N/A       80%         4
 Leda's Unmaking          Conj/Erth      16%        9d3       88%         6
 Yara's Violent Unravell  Hex/Tmut       3%         3d4       96%         5
 Simulacrum               Ice/Necr       3%         N/A       100%        6
 Spellforged Servitor     Conj/Summ      9%         N/A       100%        7


Dungeon Overview and Level Annotations

Branches:
Dungeon (10/15)            Temple (1/1) D:4
   Lair: D:8-11         Orc: D:9-12

Altars:
Cheibriados
Dithmenos
Fedhas
Hepliaklqana
Kikubaaqudgha
Makhleb
Nemelex Xobeh
Okawaru
Qazlal
Ru
Trog
Uskayaw
Vehumet
Wu Jian
Xom
Zin

Shops:
D:3 =   D:5 *   D:8 [

Annotations:
D:10 exclusion: obsidian statue


Innate Abilities, Weirdness & Mutations

You are an enormous anaconda.
You have a powerful constriction melee attack.
You are amphibious.
Your spellcasting is less reliable in this form.
Your armour is entirely melded.
You are incapable of wielding weapons or throwing items.
((You can breathe blasts of fire.))
((Your fiery red scales are hard. (AC +7)))
You cannot fit into any form of body armour.
((Your flesh is heat resistant. (rF+)))
((You are cold-blooded and may be slowed by cold attacks.))


Message History

There is a stone staircase leading up here.
Unknown command.
(D) Dungeon (T) Temple
Where to? (Enter - D:9 @ (x,y), ? - help)
Okay, then.
Unknown command.
A kobold demonologist comes into view. It is wielding a +0 club.
The kobold demonologist shouts!
The kobold demonologist mumbles some strange words.
A centaur comes into view. It is wielding a +0 dagger.
The kobold demonologist casts a spell.
The centaur moves out of view.
The kobold demonologist barely misses you.
The sun demon hits you!
You are engulfed in flames!
The kobold demonologist barely misses you.
The rust devil barely misses you. The sun demon hits you!!
You are engulfed in flames!
Unknown command.
You completely miss the kobold demonologist.
You grab the kobold demonologist. You constrict the kobold demonologist.
The kobold demonologist barely misses you.
The rust devil hits you. The rust devil corrodes you! The sun demon hits you.
* * * LOW HITPOINT WARNING * * *
You are engulfed in flames!
* * * LOW HITPOINT WARNING * * *
Unknown command.
Activating: Slouch (21% risk of failure)
Press: ? - help, Dir - look around, f - activate You fail to use your ability.
You constrict the kobold demonologist.
The kobold demonologist completely misses you.
The sun demon barely misses you. The rust devil misses you.
Unknown command.
Unknown command.
Unknown command.
Unknown command.
Activating: Slouch (21% risk of failure)
Press: ? - help, Dir - look around, f - activate You fail to use your ability.
You constrict the kobold demonologist! The sun demon hits you!!
You die...

#...............
#..#..###.......... . .....
#........... ..###..#
#..#........
......#######........
.....#..#..#........ ..
##.....#........... $###.
#..K4.###..........#. ......
#S...............[ ##).:⌠[.
#3...............) .#.....
#).#................? .D.O##
... .....###..........#
)....# ..###.....
...........# ..#
.......#..#..#........# ).#
### .......#######........##
..#
#..#..###..#.)#..#..........
.....#....
#......#......####...


You could see a sun demon (summoned), a rust devil (summoned) and a kobold
demonologist.

Vanquished Creatures
  Harold (D:10)
  4 two-headed ogres
  An ogre mage (D:10)
  Nergalle (D:10)
  2 deep elf pyromancers (D:10)
  4 trolls
  A hornet (D:8)
  Prince Ribbit (D:8)
  3 wraiths
  Sigmund (D:2)
  Eustachio (Temple)
  12 yaks
  2 wyverns
  A vampire mosquito (D:10)
  Menkaure (D:6)
  2 orc warriors
  2 sky beasts
  An ice beast (D:7)
  A black bear (D:4)
  An ogre (D:3)
  6 centaurs
  A phantom (D:5)
  3 kobold brigands (D:10)
  4 bullfrogs
  A gnoll sergeant (D:7)
  A scorpion (D:6)
  5 wights (D:8)
  14 killer bees
  4 howler monkeys
  4 crimson imps (D:7)
  3 hounds
  A gnoll bouda (D:7)
  8 orc priests
  A sleepcap (D:6)
  2 jellies
  5 iguanas
  8 orc wizards
  13 gnolls
  6 adders
  4 shadow imps
  2 ufetubi (D:5)
  A worm (D:4)
  2 dart slugs
  31 orcs
  8 ball pythons
  6 endoplasms
  8 giant cockroaches
  8 goblins
  9 hobgoblins
  27 kobolds
  4 quokkas
  3 bats
  7 frilled lizards
  6 rats
259 creatures vanquished.

Notes
Turn   | Place    | Note
-------+----------+-------------------------------------------
     0 | D:1      | Morbidden the Draconian Shapeshifter began the quest for
                  | the Orb.
     0 | D:1      | Reached XP level 1. HP: 17/17 MP: 1/1
    47 | D:1      | Reached XP level 2. HP: 20/24 MP: 2/2
   926 | D:2      | Reached XP level 3. HP: 30/30 MP: 3/3
   966 | D:2      | Noticed Sigmund
   979 | D:2      | Killed Sigmund
   980 | D:2      | Reached skill level 3 in Unarmed Combat
   980 | D:2      | Reached skill level 1 in Spellcasting
   980 | D:2      | Reached XP level 4. HP: 13/37 MP: 3/5
   980 | D:2      | Reached XP level 5. HP: 16/44 MP: 3/6
  1222 | D:2      | Learned a level 3 spell: Stone Arrow
  1804 | D:3      | Noticed an ogre
  1815 | D:3      | Killed an ogre
  1816 | D:3      | Reached skill level 4 in Unarmed Combat
  1816 | D:3      | Reached XP level 6. HP: 51/51 MP: 6/8
  2043 | D:3      | Found Zegroez's Jewellery Shoppe.
  2157 | D:3      | Found a faded altar of an unknown god.
  2686 | D:4      | Reached skill level 1 in Conjurations
  2686 | D:4      | Reached skill level 1 in Earth Magic
  2840 | D:4      | Found a staircase to the Ecumenical Temple.
  2850 | D:4      | Noticed Eustachio
  2859 | Temple   | Entered the Ecumenical Temple
  2865 | Temple   | Killed Eustachio
  2866 | Temple   | Reached skill level 5 in Unarmed Combat
  2866 | Temple   | Your scales start taking on a fiery red colour.
  2866 | Temple   | Reached skill level 5 in Shapeshifting
  2866 | Temple   | Reached XP level 7. HP: 20/58 MP: 9/9
  2866 | Temple   | Gained mutation: Your flesh is heat resistant. (rF+) [Red
                  | Draconian growth]
  3022 | Temple   | Became a worshipper of Cheibriados the Contemplative
  3078 | D:4      | Found a hide-covered altar of Uskayaw.
  3565 | D:4      | Reached * piety under Cheibriados
  3600 | D:5      | Entered Level 5 of the Dungeon
  3734 | D:5      | Found Nuefri's Assorted Antiques.
  3964 | D:6      | Noticed Menkaure
  3965 | D:6      | Killed Menkaure
  3966 | D:6      | Reached skill level 1 in Stealth
  3966 | D:6      | Reached skill level 6 in Unarmed Combat
  3966 | D:6      | Reached skill level 1 in Invocations
  3966 | D:6      | Reached XP level 8. HP: 29/66 MP: 11/11
  4028 | D:6      | Reached ** piety under Cheibriados
  4543 | D:6      | Reached skill level 7 in Unarmed Combat
  4863 | D:7      | Reached *** piety under Cheibriados
  4916 | D:7      | Reached XP level 9. HP: 32/72 MP: 13/13
  5059 | D:7      | Reached skill level 5 in Fighting
  5182 | D:7      | Found a shimmering altar of Xom.
  5218 | D:7      | Reached **** piety under Cheibriados
  5284 | D:7      | Reached skill level 8 in Unarmed Combat
  5774 | D:8      | Noticed Prince Ribbit
  5778 | D:8      | Killed Prince Ribbit
  5779 | D:8      | Reached XP level 10. HP: 36/81 MP: 15/15
  6434 | D:8      | Reached skill level 9 in Unarmed Combat
  6746 | D:8      | Reached ***** piety under Cheibriados
  7011 | D:8      | Found Haymon's Dragon-Slaying Spoils.
  7233 | D:9      | Found a stormy altar of Qazlal.
  7493 | D:9      | Noticed a two-headed ogre
  7501 | D:9      | Killed a two-headed ogre
  7822 | D:9      | Reached skill level 10 in Unarmed Combat
  8000 | D:10     | Entered Level 10 of the Dungeon
  8002 | D:10     | Noticed a two-headed ogre
  8010 | D:10     | Killed a two-headed ogre
  8011 | D:10     | Reached skill level 5 in Conjurations
  8214 | D:10     | Noticed a deep elf pyromancer
  8214 | D:10     | Noticed a two-headed ogre
  8214 | D:10     | Noticed a deep elf pyromancer
  8216 | D:10     | Noticed a five-headed hydra
  8218 | D:10     | Killed a two-headed ogre
  8218 | D:10     | Killed a deep elf pyromancer
  8218 | D:10     | Killed a deep elf pyromancer
  8219 | D:10     | Reached XP level 11. HP: 75/91 MP: 6/17
  8219 | D:10     | Noticed an ogre mage
  8222 | D:10     | Noticed a two-headed ogre
  8241 | D:10     | Killed an ogre mage
  8250 | D:10     | Noticed Harold
  8259 | D:10     | Noticed an obsidian statue
  8415 | D:10     | Reached skill level 5 in Earth Magic
  8512 | D:10     | Killed a two-headed ogre
  8760 | D:10     | Identified the staff of the Orcish Mines {rN+ Int+6 Conj}
  8766 | D:10     | Noticed Nergalle
  8775 | D:10     | Killed Nergalle
  8776 | D:10     | Reached skill level 5 in Invocations
  8776 | D:10     | Reached skill level 1 in Evocations
  9120 | D:10     | Killed Harold
  9121 | D:10     | Reached skill level 5 in Spellcasting
  9304 | D:10     | Reached skill level 11 in Unarmed Combat
  9450 | D:10     | Noticed a two-headed ogre
  9450 | D:10     | Noticed a white ugly thing
  9662 | D:10     | Noticed a sun demon
  9665 | D:10     | Mangled by a sun demon

Illustrated notes

Levels and vault maps discovered:
D:1:      scummos_arrival_hexagon, layout_basic, minmay_statues_item,
          minmay_pentomino_x2
D:2:      layout_basic, uniq_sigmund
D:3:      layout_loops_cross, shapermc_ecumenical_altar_totnotflames,
          serial_shops, nicolae_square_shop
D:4:      layout_cave_pools, minmay_temple_entry_junction,
          hangedman_feature_mirror, minmay_ruined_shrine, uniq_eustachio
D:5:      layout_rooms, serial_shops, nicolae_shop_gibbet_a_chance
D:6:      layout_loops_cross, uniq_menkaure
D:7:      layout_rooms, led_xom_imps, hangedman_abyss_or_decor_jellyfish_corner
D:8:      minmay_skewed_foursquare, layout_loops_cross,
          nicolae_shop_dragon_depot, uniq_prince_ribbit1
D:9:      layout_roguey, lemuel_tele_altar
D:10:     hangedman_cross_cluster, layout_irregular_city,
          minmay_protected_statue, uniq_harold, uniq_nergalle
Temple:   nicolae_temple_bog_church

Skill      XL: |  1  2  3  4  5  6  7  8  9 10 11 |
---------------+----------------------------------+-----
Dodging        | 2 3 |  3.6
Unarmed Combat | 3 4 5 6 7 8 10 11 | 11.0
Spellcasting   | 1 2 3 4 5 |  5.2
Fighting       | 3 4 5 6 7 |  7.0
Shapeshifting  | 4 5 6 7 8 |  8.1
Conjurations   | 1 2 3 4 5 |  5.6
Earth Magic    | 1 2 3 4 5 |  5.4
Stealth        | 1 2 3 |  3.7
Invocations    | 1 2 3 4 5 |  5.2
Evocations     | 1 |  1.5
Throwing       | |  0.1

Action                     |  1- 3 |  4- 6 |  7- 9 | 10-12 || total
---------------------------+-------+-------+-------+-------++-------
  Melee: Unarmed           |    53 |   109 |   159 |   114 ||   435
         Tailslap          |     8 |    13 |    14 |       ||    35
         Punch             |     2 |     5 |     6 |       ||    13
         Bite              |       |       |    10 |       ||    10
         Constrict         |       |       |       |    34 ||    34
  Throw: Stone             |       |    11 |     2 |       ||    13
   Cast: Stone Arrow       |       |       |       |    12 ||    12
 Invoke: Slouch            |       |       |       |     4 ||     4
Ability: Breathe Fire      |       |       |    12 |     1 ||    13
  Evoke: Wand              |       |     2 |       |     2 ||     4
    Use: Potion            |       |     1 |       |       ||     1
         Scroll            |       |       |       |     7 ||     7
   Stab: Sleeping          |       |     1 |     3 |     3 ||     7
         Distracted        |       |     1 |       |       ||     1
 Armour: Skin              |    20 |    31 |    90 |    35 ||   176
  Dodge: Dodged            |    20 |    61 |    73 |    80 ||   234
   Form: Dragon            |       |       |     2 |     1 ||     3
         Beast             |       |       |     1 |     1 ||     2
         Anaconda          |       |       |       |     2 ||     2

Table legend: (Time is in decaauts)
 A = Elapsed time spent in this place.
 B = Non-inter-level travel time spent in this place.
 C = Inter-level travel time spent in this place.
 D = Time resting spent in this place.
 E = Time spent auto-exploring this place.
 F = Levels seen in this place.
 G = Mean time per level.
                   A        B        C        D        E       F      G
               +--------+--------+--------+--------+--------+-----+--------+
         Total |  11868 |  11203 |    665 |   1651 |   7976 |  11 | 1078.9 |
       Dungeon |  11691 |  11036 |    655 |   1651 |   7830 |  10 | 1169.1 |
        Temple |    176 |    166 |     10 |      0 |    146 |   1 |  176.0 |
               +--------+--------+--------+--------+--------+-----+--------+

Top non-repeatable levels by time:
     D:8: 2003 daAuts
     D:9: 1884 daAuts
    D:10: 1364 daAuts
     D:7: 1245 daAuts
     D:6: 1169 daAuts
     D:2: 1116 daAuts
     D:4: 938 daAuts
     D:3: 802 daAuts
     D:1: 670 daAuts
     D:5: 497 daAuts
  Temple: 176 daAuts
